 Dungeon Crawl Stone Soup version 0.26.1-10-gdfb7c7de75 (webtiles) character file.

Game seed: 16854460995018732222

53 phalm the Bolt Thrower (level 4, 0/27 HPs)
             Began as a Kobold Hunter on Apr 3, 2021.
             Succumbed to an adder's poison
             ... on level 2 of the Dungeon.
             The game lasted 00:04:54 (1964 turns).

phalm the Bolt Thrower (Kobold Hunter)              Turns: 1964, Time: 00:04:55

Health: 0/27       AC:  3    Str:  9    XL:     4   Next: 11%
Magic:  4/4        EV: 15    Int: 12    God:
Gold:   57         SH:  0    Dex: 16    Spells: 3/3 levels left

rFire    . . .     SeeInvis .   b - +0 short sword
rCold    . . .     Faith    .   (shield restricted)
rNeg     . . .     Spirit   .   c - +0 leather armour
rPois    .         Reflect  .   (no helmet)
rElec    .         Harm     .   (no cloak)
rCorr    .         Rampage  .   (no gloves)
Will     .....                  (no boots)
Stlth    +++.......             (no amulet)
HPRegen  0.09/turn              (no ring)
MPRegen  0.09/turn              (no ring)

@: mighty, lethally poisoned (0 -> -2), berserk cooldown, attractive, flying,
slowed, very slow
A: small, nightstalker 3
a: no special abilities


You were on level 2 of the Dungeon.
You visited 1 branch of the dungeon, and saw 2 of its levels.

You collected 57 gold pieces.

Inventory:

Hand Weapons
 a - a +1 hand crossbow
 b - a +0 short sword (weapon)
Missiles
 d - 73 bolts
Armour
 c - a +0 leather armour (worn)
Jewellery
 e - an uncursed ring of fire
Scrolls
 f - a scroll of remove curse
 i - a scroll of teleportation


   Skills:
 + Level 2.6 Fighting
 + Level 1.6 Short Blades
 * Level 5.5 Crossbows
 + Level 3.0 Dodging
 + Level 2.3 Stealth


You had 3 spell levels left.
You didn't know any spells.
Your spell library was empty.

Dungeon Overview and Level Annotations

Branches:
Dungeon (2/15)

Altars:
Hepliaklqana


Innate Abilities, Weirdness & Mutations

You are small and have problems with some larger weapons.
You are completely attuned to the shadows.


Message History

As you read the scroll labelled TEROAJEBLO, it crumbles to dust.
You feel blessed for a moment.
It was a scroll of remove curse.
* * * LOW HITPOINT WARNING * * *
You feel sick.
Blink to where?
Press: ? - help, Dir - move target
As you read the scroll labelled QAAJ JAISHU, it crumbles to dust.
It was a scroll of blinking.
As you read the scroll labelled RATAVU SYAZOU, it crumbles to dust.
You feel strangely unstable.
It was a scroll of teleportation.
* * * LOW HITPOINT WARNING * * *
You feel sick.
There is a lethal amount of poison in your body!
* * * LOW HITPOINT WARNING * * *
You feel sick.
Your surroundings suddenly seem different.
You aren't carrying any potions.
* * * LOW HITPOINT WARNING * * *
You feel sick.
You die...

###................##..# #.##.# #
.....########.##...##..###.##.###
####.# #.##...##............ #.#
##.#.......†.....###.#
####.#######......)###.###.####..
..##.##)...........# #.# #.......
#.##.##.####.......###.###.#####.
........## ##......##......# #.
.........# #...@......##### #.
.....###.#####.#.#.##.## #.
............###...###.# #.
.....###.........## #.# #. .....#
####.###..# #.# #. ######
#.###..# #.# #. #......# #.# #.
#############.#.#####.## #.
................##>..#.#########.


There were no monsters in sight!

Vanquished Creatures
  2 adders (D:2)
  2 worms (D:2)
  A dart slug (D:2)
  2 leopard geckos
  3 giant cockroaches
  A goblin (D:2)
  2 hobgoblins
  5 kobolds
  5 bats
  A frilled lizard (D:2)
  2 rats
26 creatures vanquished.

Notes
Turn   | Place    | Note
-------+----------+-------------------------------------------
     0 | D:1      | phalm the Kobold Hunter began the quest for the Orb.
     0 | D:1      | Reached XP level 1. HP: 12/12 MP: 1/1
   294 | D:1      | Reached skill level 5 in Crossbows
   294 | D:1      | Reached XP level 2. HP: 17/17 MP: 2/2
   985 | D:2      | Reached skill level 1 in Short Blades
   997 | D:2      | Found a hazy altar of Hepliaklqana.
  1050 | D:2      | Reached XP level 3. HP: 10/22 MP: 3/3
  1946 | D:2      | Reached XP level 4. HP: 8/27 MP: 4/4
  1962 | D:2      | HP: 1/27 [poisoned by an adder]
  1964 | D:2      | Succumbed to an adder's poison

Illustrated notes

Levels and vault maps discovered:
D:1:      dpeg_arrival_circle_labyrinth_c, layout_loops_ring
D:2:      layout_loops_ring, nzn_hepliaklqana_mist_gate

Skill      XL: |  1  2  3 |
---------------+----------+-----
Crossbows      | 5 |  5.5
Short Blades   | 1 |  1.6
Stealth        | 2 |  2.3
Dodging        | 3 |  3.0
Fighting       | |  2.6

Action                   |  1- 3 |  4- 6 || total
-------------------------+-------+-------++-------
Melee: Short sword       |    53 |       ||    53
 Fire: Hand crossbow     |    44 |       ||    44
  Use: Potion            |     1 |     4 ||     5
       Scroll            |       |     3 ||     3
 Stab: Sleeping          |     3 |       ||     3
Armor: Leather armour    |    11 |       ||    11
Dodge: Dodged            |    44 |       ||    44
